Map: Prion Terraces

Players

ILLBdA - Winner!

  • Race: Protoss Protoss
  • League: Diamond

뭐라고

  • Race: Protoss Protoss
  • League: Diamond

VOD

Have the link to the VOD?

Description

Time

  • Played on: Dec. 24, 2015, 10:13 p.m.
  • Length: 12:34
Show
View Real Time Build Order
Export as new Build Order

ILLBdA Protoss - Winner!

Build Orders:  

Get SALT Encoding   

  12  0:03  Probe (Chrono Boost)  
  13  0:13  Probe (Chrono Boost)  
  14  0:18  Pylon  
  14  0:24  Probe (Chrono Boost)  
  15  0:36  Probe (Chrono Boost)  
  15  0:38  Gateway  
  16  0:46  Probe (Chrono Boost)  
  16  0:48  Assimilator  
  17  0:53  Assimilator  
  18  0:57  Probe (Chrono Boost)  
  18  1:07  Probe (Chrono Boost)  
  19  1:18  Probe (Chrono Boost)  
  20  1:25  Zealot (Chrono Boost)  
  22  1:49  Cybernetics Core  
  22  1:56  Probe  
  22  1:58  Pylon  
  23  2:16  Probe (Chrono Boost)  
  24  2:26  Stargate  
  24  2:27  Probe (Chrono Boost)  
  24  2:28  Gateway  
  25  2:30  Adept  
  27  2:37  Probe (Chrono Boost)  
  27  2:39  Warp Gate  
  28  2:50  Probe (Chrono Boost)  
  29  2:53  Pylon  
  29  3:01  Probe (Chrono Boost)  
  30  3:10  Void Ray (Chrono Boost)  
  34  3:16  Gateway  
  34  3:21  Stalker  
  36  3:32  Pylon  
  36  3:37  Probe  
  41  3:56  Void Ray (Chrono Boost)  
  41  4:01  Pylon  
  41  4:29  Probe  
  42  4:31  Pylon  
  42  4:35  Gateway  
  42  4:36  Gateway  
  42  4:47  Pylon  
  42  4:49  Stalker x3  
  44  5:01  Phoenix (Chrono Boost)  
  42  5:14  Stalker x2  
  46  5:23  Phoenix (Chrono Boost)  
  44  5:40  Stalker  
  44  5:45  Phoenix (Chrono Boost)  
  42  6:03  Zealot  
  42  6:04  Zealot  
  46  6:06  Phoenix (Chrono Boost)  
  36  6:28  Nexus, Phoenix (Chrono Boost)  
  36  6:29  Pylon  
  37  6:34  Zealot x2  
  37  6:36  Zealot  
  37  6:39  Probe (Chrono Boost)  
  44  6:51  Mothership Core (Chrono Boost)  
  44  6:53  Stalker  
  48  7:04  Phoenix  
  50  7:09  Forge  
  50  7:18  Probe (Chrono Boost)  
  51  7:28  Probe (Chrono Boost)  
  51  7:29  Twilight Council  
  52  7:39  Probe (Chrono Boost)  
  52  7:42  Phoenix  
  55  7:46  Probe (Chrono Boost)  
  56  7:53  Photon Cannon  
  56  8:01  Assimilator x2  
  58  8:19  Charge  
  56  8:23  Zealot x2  
  56  8:24  Zealot  
  62  8:32  Pylon  
  62  8:36  Phoenix  
  64  8:41  Zealot  
  64  8:43  Probe (Chrono Boost)  
  67  8:49  Protoss Ground Weapons Level 1 (Chrono Boost)  
  67  8:53  Zealot  
  69  9:03  Templar Archives  
  69  9:07  Zealot  
  71  9:20  Pylon  
  71  9:35  Zealot x3  
  77  9:40  Pylon  
  77  9:57  Gateway  
  77  9:58  Gateway  
  77  9:59  High Templar  
  79  10:01  Photon Cannon, High Templar  
  79  10:05  Archon  
  81  10:13  Pylon  
  81  10:19  Robotics Facility  
  81  10:27  Probe x2  
  83  10:31  High Templar x2  
  87  10:35  Archon  
  87  10:37  Zealot  
  87  10:42  Pylon  
  89  10:51  Probe  
  90  10:57  High Templar  
  90  10:58  High Templar  
  90  11:01  Archon  
  94  11:06  Pylon x2  
  94  11:08  Warp Prism (Chrono Boost)  
  96  11:12  High Templar x2  
  96  11:16  Archon  
  100  11:19  Zealot  
  102  11:30  Probe  
  103  11:39  Stalker x2  
  93  11:49  Stalker x3  
  83  12:07  High Templar  
  83  12:08  High Templar  
  85  12:12  Archon  
  85  12:19  High Templar  
  85  12:26  High Templar  
  87  12:30  Archon  
  87  12:32  Zealot  
Show
View Real Time Build Order
Export as new Build Order

뭐라고 Protoss 

Build Orders: Phoenix Opening 

Get SALT Encoding   

  12  0:01  Probe (Chrono Boost)  
  13  0:12  Probe (Chrono Boost)  
  14  0:18  Pylon  
  14  0:22  Probe (Chrono Boost)  
  15  0:36  Probe (Chrono Boost)  
  15  0:39  Forge  
  16  0:47  Probe (Chrono Boost)  
  17  0:57  Probe (Chrono Boost)  
  18  1:07  Pylon  
  18  1:09  Pylon  
  18  1:10  Pylon  
  18  1:17  Pylon  
  18  1:26  Photon Cannon  
  18  1:34  Photon Cannon  
  18  1:42  Probe (Chrono Boost)  
  18  1:46  Gateway  
  19  1:47  Assimilator  
  20  1:54  Probe (Chrono Boost)  
  20  1:56  Assimilator  
  20  2:04  Probe (Chrono Boost)  
  20  2:05  Pylon  
  21  2:18  Probe (Chrono Boost)  
  22  2:25  Photon Cannon  
  22  2:28  Probe (Chrono Boost)  
  23  2:35  Cybernetics Core  
  23  2:39  Probe (Chrono Boost)  
  23  2:40  Pylon  
  24  2:49  Probe (Chrono Boost)  
  25  2:59  Photon Cannon  
  25  3:00  Probe (Chrono Boost)  
  26  3:13  Mothership Core (Chrono Boost), Stargate  
  28  3:21  Warp Gate (Chrono Boost)  
  28  3:25  Adept  
  30  3:35  Pylon  
  30  3:42  Probe (Chrono Boost)  
  30  3:57  Phoenix  
  30  4:02  Nexus  
  32  4:07  Stalker (Chrono Boost)  
  34  4:18  Gateway  
  33  4:26  Phoenix  
  33  4:34  Stalker (Chrono Boost)  
  30  5:16  Phoenix  
  32  5:22  Zealot x2  
  34  5:45  Stalker x2  
  34  5:49  Gateway  
  38  5:52  Gateway  
  34  6:07  Gateway  
  34  6:19  Pylon  
  34  6:26  Nexus  
  34  6:30  Adept  
  36  6:50  Phoenix  
  38  6:54  Nexus  
  38  6:56  Pylon  
  38  6:57  Zealot  
  38  6:58  Zealot  
  38  7:00  Zealot  
  44  7:18  Phoenix  
  46  7:27  Zealot x3  
  52  7:40  Probe  
  53  7:47  Phoenix  
  55  7:51  Probe  
  56  8:03  Probe  
  56  8:04  Probe  
  58  8:15  Probe, Phoenix (Chrono Boost)  
  61  8:24  Probe  
  62  8:31  Probe, Protoss Air Weapons Level 1  
  63  8:35  Probe  
  64  8:45  Phoenix (Chrono Boost)  
  64  8:48  Probe  
  66  8:49  Assimilator  
  66  8:54  Assimilator  
  67  8:58  Probe  
  68  9:05  Stargate  
  68  9:18  Phoenix (Chrono Boost)  
  68  9:20  Pylon  
  68  9:21  Probe  
  68  9:23  Pylon  
  65  9:31  Probe  
  65  9:32  Stalker x2  
  64  9:49  Stalker x2  
  68  9:55  Phoenix (Chrono Boost)  
  68  9:56  Probe  
  71  10:02  Probe  
  71  10:04  Assimilator  
  71  10:06  Probe  
  72  10:12  Probe  
  72  10:13  Phoenix (Chrono Boost)  
  75  10:17  Probe  
  77  10:22  Forge  
  77  10:23  Probe  
  77  10:25  Phoenix (Chrono Boost)  
  77  10:27  Probe  
  83  10:37  Protoss Air Armor Level 1  
  83  10:38  Phoenix (Chrono Boost)  
  83  10:43  Probe  
  83  10:48  Phoenix (Chrono Boost)  
  86  10:54  Probe, Zealot  
  86  10:55  Zealot x2  
  86  10:56  Zealot  
  93  10:59  Zealot  
  93  11:02  Mothership Core  
  95  11:10  Probe  
  97  11:15  Zealot, Pylon  
  100  11:32  Twilight Council  
  100  11:33  Phoenix (Chrono Boost)  
  100  11:36  Phoenix (Chrono Boost)  
  95  11:52  Stalker x2, Zealot x3  
  61  12:12  Stalker  
  61  12:13  Stalker x2  
Tags
 
Matchup
PvP
Replay Pack
me
Add a new tag
Caveats
  • Supply blocks, unpowered buildings, or Contaminate may cause inaccurate times.
  • Supply counts are checked every 10 seconds.